 Dungeon Crawl Stone Soup version 0.28-a0-1206-g193881aaa2 (webtiles) character file.

Game seed: 6813775195405127864

19761 flotson the Fighter (level 12, -4/95 HPs)
             Began as a Demonspawn Gladiator on Dec 21, 2021.
             Was a Believer of Qazlal.
             Slain by a black mamba (5 damage)
             ... on level 4 of the Lair of Beasts.
             The game lasted 00:27:27 (17418 turns).

flotson the Fighter (Demonspawn Gladiator)         Turns: 17418, Time: 00:27:28

Health: -4/95      AC: 17    Str: 20    XL:     12   Next: 39%
Magic:  17/17      EV: 14    Int: 16    God:    Qazlal [**....]
Gold:   891        SH: 10    Dex: 15    Spells: 11/11 levels left

rFire   . . .      SeeInvis .   a - +8 whip "Snakebite" {venom, curare, rPois}
rCold   + . .      Faith    .   L - +2 buckler of Intercession {Int+7}
rNeg    . . .      Spirit   .   U - +2 scale mail {rC+}
rPois   +          Reflect  .   c - +0 helmet
rElec   .          Harm     .   y - +0 cloak
rCorr   .          Rampage  .   r - +0 pair of gloves
Will    .....                   (boots unavailable)
Stlth   ..........              (no amulet)
HPRegen 0.25/turn               (no ring)
MPRegen 0.30/turn               (no ring)

@: lethally poisoned (-4 -> -37), about to teleport
A: hooves 3, icy blue scales 2, demonic guardian 3, magic regeneration
a: Renounce Religion, Upheaval


You were on level 4 of the Lair of Beasts.
You worshipped Qazlal.
Qazlal was pleased with you.
You visited 3 branches of the dungeon, and saw 15 of its levels.

You collected 1091 gold pieces.
You spent 200 gold pieces at shops.

Inventory:

Hand Weapons
 a - the +8 whip "Snakebite" (weapon) {venom, curare, rPois}
   (You found it on level 8 of the Dungeon)

   It poisons the flesh of those it strikes.
   It occasionally inflicts asphyxiating poison on those it strikes, dealing
   poison damage and causing slowness.
   rPois:     It protects you from poison.
 b - a +0 fustibalus
 F - the +5 scythe "Finisher" {speed, eviscerate}
   (You found it on level 9 of the Dungeon)

   Attacks with this weapon are significantly faster.
   It may eviscerate those it strikes, slaying them instantly, with a decreasing
   chance against stronger foes.
Missiles
 d - 5 throwing nets
 u - 47 poisoned darts
 E - 5 curare-tipped darts (quivered)
 J - 3 boomerangs
 N - 121 sling bullets
 S - 6 javelins
Armour
 c - a +0 helmet (worn)
 r - a +0 pair of gloves (worn)
 y - a +0 cloak (worn)
 C - a +0 chain mail of fire resistance
 L - the +2 buckler of Intercession (worn) {Int+7}
   (You found it on level 8 of the Dungeon)

   Int:       It affects your intelligence (+7).
 U - a +2 scale mail of cold resistance (worn)
Jewellery
 s - a ring of fire
 A - a ring of fire
 R - an amulet of faith
Wands
 n - a wand of polymorph (16)
 D - a wand of paralysis (17)
 T - a wand of iceblast (4)
Scrolls
 f - 3 scrolls of teleportation
 i - 5 scrolls of amnesia {unknown}
 j - a scroll of vulnerability {unknown}
 l - 11 scrolls of identify {unknown}
 q - 3 scrolls of immolation
 w - a scroll of enchant weapon {unknown}
 x - 4 scrolls of noise {unknown}
 z - a scroll of acquirement {unknown}
 G - a scroll of fog {unknown}
 H - 2 scrolls of magic mapping {unknown}
 I - 3 scrolls of fear {unknown}
 M - a scroll of brand weapon {unknown}
 O - a scroll of torment {unknown}
 Q - a scroll of blinking {unknown}
Potions
 e - 2 potions of resistance {unknown}
 g - 2 potions of haste {unknown}
 h - 4 potions of mutation {unknown}
 k - a potion of heal wounds {unknown}
 m - 3 potions of might {unknown}
 o - 5 potions of curing
 p - 2 potions of lignification {unknown}
 t - 2 potions of brilliance {unknown}
 v - 2 potions of attraction {unknown}
 B - 3 potions of degeneration {unknown}
 K - 2 potions of ambrosia {unknown}
 P - a potion of flight {unknown}


   Skills:
 + Level 9.1 Fighting
 - Level 2.6(4.1) Axes
 + Level 4.7(5.1) Maces & Flails
 + Level 8.4 Throwing
 + Level 8.0 Armour
 + Level 8.5 Dodging
 - Level 4.0 Shields
 + Level 7.2 Invocations
 + Level 6.7 Evocations


You had 11 spell levels left.
You didn't know any spells.
Your spell library contained the following spells:

 Spells                   Type           Power      Damage    Failure   Level
 Animate Skeleton         Necr           0%         N/A       52%         1
 Foxfire                  Conj/Fire      0%         2x1d4     52%         1
 Pain                     Necr           0%         1d4       52%         1
 Slow                     Hex            0%         N/A       52%         1
 Confusing Touch          Hex            0%         N/A       88%         3
 Conjure Flame            Conj/Fire      0%         6-21      88%         3
 Gell's Gravitas          Tloc           0%         N/A       88%         3
 Inner Flame              Hex/Fire       0%         N/A       88%         3
 Lesser Beckoning         Tloc           0%         N/A       88%         3
 Teleport Other           Tloc           0%         N/A       88%         3
 Vampiric Draining        Necr           0%         2d6       88%         3
 Cause Fear               Hex            0%         N/A       99%         4
 Flame Wave               Conj/Fire      0%         2d4       99%         4
 Petrify                  Tmut/Erth      0%         N/A       99%         4
 Agony                    Necr           0%         N/A       100%        5
 Excruciating Wounds      Necr           0%         N/A       100%        5
 Fireball                 Conj/Fire      0%         3d3       100%        5
 Iskenderun's Battlesphe  Conj           0%         2d6       100%        5
 Metabolic Englaciation   Hex/Ice        0%         N/A       100%        5
 Conjure Ball Lightning   Conj/Air       0%         3x3d6     100%        6
 Statue Form              Tmut/Erth      0%         N/A       100%        6
 Dragon Form              Tmut           0%         N/A       100%        7
 Orb of Destruction       Conj           0%         N/A       100%        7
 Dragon's Call            Summ           0%         N/A       100%        9


Dungeon Overview and Level Annotations

Branches:
Dungeon (10/15)            Temple (1/1) D:7            Lair (4/6) D:8
  Swamp: Lair:2-4    Shoals: Lair:2-4     Snake: Lair:2-4    Spider: Lair:2-4
    Orc: D:9-12

Altars:
Ashenzari
Cheibriados
Elyvilon
Fedhas
Gozag
Nemelex Xobeh
Okawaru
Qazlal
Ru
Sif Muna
Trog
Vehumet
Xom
Zin
The Shining One

Shops:
D:6 (

Portals:
Abyss: D:5

Annotations:
D:5 Adrian566's ghost, novice TrBe
D:6 1 runed translucent door, AttackTheMoon's ghost, novice PaNe
Lair:1 1 runed translucent door, hgbash's ghost, journeyman MiCK


Innate Abilities, Weirdness & Mutations

You have hooves in place of feet.
You are mostly covered in icy blue scales. (AC +3)
A powerful demonic guardian rushes to your aid.
You regenerate magic rapidly.


Message History

You block the water moccasin's attack.
You closely miss the black mamba. You kick the black mamba.
The black mamba is moderately wounded.
You feel very sick. The black mamba bites you. The water moccasin bites you.
The yak gores you but does no damage. The black mamba bites you.
You block the water moccasin's attack. The black mamba bites you!
* * * LOW HITPOINT WARNING * * *
You are lethally poisoned!
The black mamba poisons you!
You are too injured to fight recklessly!
Unknown command.
You feel better. The black mamba closely misses you.
The water moccasin bites you but does no damage.
The black mamba bites you but does no damage.
You block the yak's attack. You block the water moccasin's attack.
The black mamba bites you but does no damage.
The water moccasin misses you. The black mamba misses you.
The black mamba bites you. The water moccasin barely misses you.
The black mamba bites you but does no damage.
As you read the scroll of teleportation, it crumbles to dust.
You feel strangely unstable. You block the black mamba's attack.
The black mamba bites you!
* * * LOW HITPOINT WARNING * * *
You are lethally poisoned!
The black mamba poisons you!
The water moccasin bites you but does no damage.
The black mamba bites you.
* * * LOW HITPOINT WARNING * * *
A demonic guardian appears!
You are more poisoned.
The black mamba poisons you! The black mamba bites you.
* * * LOW HITPOINT WARNING * * *
The yak gores you but does no damage.
You swap places.
* * * LOW HITPOINT WARNING * * *
You feel extremely sick.
The water moccasin barely misses your reaper.
The black mamba bites your reaper. The black mamba bites you.
You die...

#### ####..## ##
##.#.)..# #.##......###
###..........# ##
##............##.#
##.........ยง.FS..##
###...........@SS.Y.#
#..............2YYY.#
##.............YS.......
##.............#..##...#
#P.............### ..# #
##..............# ##
##.#............#...
....<............#...
.....#..........# #..


You could see 2 black mambas, 5 yaks, 2 water moccasins, a bullfrog and a
friendly reaper (summoned).

Vanquished Creatures
  Harold (D:9)
  A hydra (Lair:1)
  A two-headed ogre (D:8)
  A cyclops (D:6)
  Joseph (D:8)
  5 cane toads
  A kobold demonologist (D:10)
  A gargoyle (D:10)
  A yaktaur (D:10)
  An unseen horror (D:10)
  A rime drake (Lair:2)
  7 komodo dragons
  3 trolls
  A hornet (Lair:2)
  4 blink frogs (Lair:2)
  A slime creature (D:10)
  Sigmund (D:4)
  2 wraiths (D:9)
  7 yaks
  2 steam dragons
  A wyvern (D:9)
  3 basilisks (Lair:1)
  An acid dragon (D:10)
  11 water moccasins
  4 ice beasts
  2 orc warriors (D:9)
  A necrophage (D:4)
  3 ogres
  13 wolves (Lair:3)
  A centaur (D:9)
  2 phantoms
  9 bullfrogs
  2 gnoll sergeants
  A water moccasin skeleton (D:4)
  10 wights
  2 howler monkeys
  4 centaur zombies
  4 hounds
  A jelly (D:4)
  2 orc priests (D:9)
  A centaur skeleton (D:5)
  A bullfrog skeleton (D:4)
  3 iguanas
  3 gnoll shamans
  4 orc wizards
  16 gnolls
  4 adders
  3 shadow imps
  A white imp (D:7)
  An adder skeleton (D:5)
  3 worms
  6 dart slugs
  16 orcs
  6 ball pythons
  5 bats
  9 endoplasms
  4 giant cockroaches
  9 goblins
  5 hobgoblins
  5 kobolds
  4 quokkas
  4 frilled lizards
  6 rats
239 creatures vanquished.

Vanquished Creatures (collateral kills)
  A hydra (Lair:3)
  A skeletal warrior (D:9)
  The ghost of leviel the Cleaver, a novice HOFi of Okawaru (D:4)
  A komodo dragon (Lair:1)
  2 wraiths (D:9)
  A black bear (Lair:3)
  A wolf (Lair:3)
  2 small abominations (D:5)
  A water moccasin skeleton (D:4)
  A hound (D:4)
  An orc priest (D:4)
  An iron imp (D:5)
  An orc wizard (D:4)
  5 gnolls
  A goblin (D:4)
  A frilled lizard (D:1)
  A kobold (D:1)
23 creatures vanquished.

Vanquished Creatures (others)
  9 fungi
  5 plants
14 creatures vanquished.

Grand Total: 276 creatures vanquished

Notes
Turn   | Place    | Note
-------+----------+-------------------------------------------
     0 | D:1      | flotson the Demonspawn Gladiator began the quest for the
                  | Orb.
     0 | D:1      | Reached XP level 1. HP: 16/16 MP: 1/1
   145 | D:1      | Gained mutation: A weak demonic guardian rushes to your
                  | aid. [demonic ancestry]
   145 | D:1      | Reached XP level 2. HP: 21/22 MP: 2/2
   512 | D:1      | Reached skill level 1 in Armour
   512 | D:1      | Gained mutation: You have large cloven feet. [demonic
                  | ancestry]
   512 | D:1      | Reached XP level 3. HP: 12/28 MP: 3/3
   741 | D:1      | Found a faded altar of an unknown god.
  1710 | D:3      | Gained mutation: You are partially covered in icy blue
                  | scales. (AC +2) [demonic ancestry]
  1710 | D:3      | Reached XP level 4. HP: 34/34 MP: 4/4
  2414 | D:4      | Reached skill level 3 in Fighting
  2414 | D:4      | Gained mutation: A demonic guardian rushes to your aid.
                  | [demonic ancestry]
  2414 | D:4      | Reached XP level 5. HP: 36/41 MP: 5/5
  2468 | D:4      | Found a transporter.
  2498 | D:4      | Gained mutation: You are mostly covered in icy blue scales.
                  | (AC +3) [demonic ancestry]
  2498 | D:4      | Reached XP level 6. HP: 20/47 MP: 6/6
  2752 | D:4      | Noticed leviel's ghost (novice HOFi)
  2757 | D:4      | Found a transporter.
  2781 | D:4      | Noticed Sigmund
  2791 | D:4      | Killed Sigmund
  2792 | D:4      | Reached skill level 4 in Fighting
  2973 | D:4      | Reached XP level 7. HP: 38/54 MP: 7/7
  3892 | D:4      | Killed leviel's ghost
  3893 | D:4      | Reached skill level 5 in Fighting
  3893 | D:4      | Reached skill level 5 in Dodging
  3893 | D:4      | Gained mutation: You have hoof-like feet. [demonic
                  | ancestry]
  3893 | D:4      | Reached XP level 8. HP: 26/62 MP: 8/8
  4088 | D:5      | Entered Level 5 of the Dungeon
  4799 | D:5      | Found a transporter.
  4833 | D:5      | Reached skill level 5 in Throwing
  5072 | D:5      | Found a one-way gate to the infinite horrors of the Abyss.
  5072 | D:5      | Noticed Adrian566's ghost (novice TrBe)
  5190 | D:5      | Found a transporter.
  5236 | D:5      | Noticed a troll
  5657 | D:4      | Killed a troll
  6783 | D:5      | Reached skill level 6 in Fighting
  6941 | D:6      | Reached skill level 5 in Armour
  7062 | D:6      | Noticed a cyclops
  7139 | D:6      | Reached skill level 1 in Evocations
  7305 | D:6      | Found a runed translucent door.
  7307 | D:6      | Noticed AttackTheMoon's ghost (novice PaNe)
  7358 | D:6      | Reached XP level 9. HP: 64/69 MP: 9/9
  7414 | D:6      | Killed a cyclops
  7691 | D:6      | Found Kixiss's Antique Weapon Boutique.
  7694 | D:6      | Bought a crude falchion for 200 gold pieces
  7694 | D:6      | Identified the +4 falchion of Lezoenta {protect, *Rage
                  | Str+4 Stlth+} (You bought it in a shop on level 6 of the
                  | Dungeon)
  8260 | D:6      | Reached skill level 7 in Fighting
  8756 | D:7      | Found a staircase to the Ecumenical Temple.
  8762 | Temple   | Entered the Ecumenical Temple
  8770 | Temple   | Became a worshipper of Qazlal Stormbringer
  8970 | D:8      | Identified the +2 buckler of Intercession {Int+7}
  9055 | D:8      | Reached skill level 1 in Invocations
  9333 | D:8      | Gained mutation: You have hooves in place of feet. [demonic
                  | ancestry]
  9333 | D:8      | Reached XP level 10. HP: 79/79 MP: 9/11
  9336 | D:8      | Found a staircase to the Lair.
  9364 | D:8      | Noticed Joseph
  9378 | D:8      | Killed Joseph
  9379 | D:8      | Reached skill level 1 in Shields
  9552 | D:8      | Found the +8 whip "Snakebite" {venom, curare, rPois}
  9655 | D:9      | Noticed a two-headed ogre
  9847 | D:9      | Noticed Harold
 10106 | D:8      | Found a staircase to the Lair.
 10392 | D:8      | Killed a two-headed ogre
 10393 | D:8      | Reached skill level 1 in Maces & Flails
 10659 | D:9      | Identified the +6 short sword "Wiufed" {freeze, *Slow rElec
                  | Stlth+}
 10803 | D:9      | Reached * piety under Qazlal
 11093 | D:9      | Identified the +6 flail "Qomp" {speed, Dex+3}
 11286 | D:9      | Noticed a skeletal warrior
 11294 | D:9      | HP: 4/80 [skeletal warrior (14)]
 11478 | D:9      | Killed Harold
 11629 | D:9      | Gained mutation: You regenerate magic rapidly. [demonic
                  | ancestry]
 11629 | D:9      | Reached XP level 11. HP: 82/86 MP: 14/14
 11718 | D:9      | Found the +5 scythe "Finisher" {speed, eviscerate}
 11869 | D:9      | Killed a skeletal warrior
 11870 | D:9      | Reached skill level 5 in Evocations
 12179 | D:10     | Entered Level 10 of the Dungeon
 12247 | D:10     | Reached skill level 8 in Fighting
 12809 | D:10     | Reached skill level 5 in Invocations
 13388 | Lair:1   | Entered Level 1 of the Lair of Beasts
 13472 | Lair:1   | Found a runed translucent door.
 13474 | Lair:1   | Found a shimmering altar of Xom.
 13474 | Lair:1   | Noticed hgbash's ghost (journeyman MiCK)
 13475 | Lair:1   | Noticed a +1 morningstar of chaos
 13635 | Lair:1   | Reached ** piety under Qazlal
 13922 | Lair:1   | Noticed an eight-headed hydra
 13936 | Lair:1   | Killed an eight-headed hydra
 15578 | Lair:2   | Gained mutation: A powerful demonic guardian rushes to your
                  | aid. [demonic ancestry]
 15578 | Lair:2   | Reached XP level 12. HP: 91/94 MP: 16/16
 16783 | Lair:3   | Reached skill level 9 in Fighting
 16885 | Lair:3   | Noticed a five-headed hydra
 16898 | Lair:3   | Killed a five-headed hydra
 17418 | Lair:4   | HP: 1/95 [poisoned by a black mamba]
 17418 | Lair:4   | Slain by a black mamba

Illustrated notes

Levels and vault maps discovered:
D:1:      lemuel_arrival_behind_the_door_large, layout_rooms,
          ebering_ecumenical_altar_box
D:2:      layout_basic, minmay_misc_feat_x
D:3:      layout_rooms, minivault_25, hangedman_decor_points,
          grunt_ministairs_15
D:4:      layout_rooms, gammafunk_ghost_arena, uniq_sigmund
D:5:      layout_loops_cross, gammafunk_ghost_abyssal_escape, st_stairs_14
D:6:      layout_rooms, mainiacjoe_overflow_tiny_flanked, serial_shops, shop,
          ebering_ghost_inner_flame
D:7:      layout_rooms, minmay_temple_entry_waves, serial_curves,
          eino_curves_01, eino_curves_01
D:8:      layout_gridville, lair_entry_dummy, minmay_tree_intersection,
          uniq_joseph
D:9:      layout_cave_pools, minmay_guarded_unrand_finisher, uniq_harold
D:10:     layout_irregular_city, minivault_20
Temple:   dpeg_three_leaves_temple
Lair:1:   layout_cave_pods, ebering_ghost_xom, grunt_megastairs_5,
          lemuel_fruit_tree
Lair:2:   layout_regular_city
Lair:3:   layout_roguey
Lair:4:   layout_cave_pods, minmay_swamp_entry_reptiles,
          minmay_snake_entry_six_corridors

Skill      XL: |  1  2  3  4  5  6  7  8  9 10 11 12 |
---------------+-------------------------------------+-----
Throwing       | 2 3 4 5 6 7 8 |  8.4
Dodging        | 3 4 5 6 7 8 |  8.5
Armour         | 1 2 3 4 5 6 7 8 |  8.0
Fighting       | 3 4 5 6 7 8 9 |  9.1
Evocations     | 1 3 4 6 |  6.7
Invocations    | 1 4 6 7 |  7.2
Shields        | 2 4 |  4.0
Maces & Flails | 2 4 |  4.7
Axes           | |  2.6

Action                   |  1- 3 |  4- 6 |  7- 9 | 10-12 || total
-------------------------+-------+-------+-------+-------++-------
Melee: War axe           |    82 |     7 |       |       ||    89
       Kick              |    11 |    38 |   116 |   139 ||   304
       Dagger            |       |    96 |   261 |       ||   357
       Falchion          |       |       |    93 |     6 ||    99
       Whip              |       |       |       |   396 ||   396
 Fire: Fustibalus        |       |       |    55 |    90 ||   145
Throw: Dart              |       |       |       |     5 ||     5
Invok: Upheaval          |       |       |       |     1 ||     1
Evoke: Wand              |       |       |       |     1 ||     1
  Use: Potion            |       |       |       |     3 ||     3
       Scroll            |       |       |       |     2 ||     2
Armor: Leather armour    |     6 |       |       |       ||     6
       Ring mail         |    28 |    43 |    97 |       ||   168
       Chain mail        |       |       |   132 |   105 ||   237
       Steam dragon scal |       |       |       |    68 ||    68
       Scale mail        |       |       |       |    23 ||    23
Dodge: Dodged            |    52 |    62 |   262 |   282 ||   658
Block: Buckler           |       |       |    14 |   221 ||   235

Table legend: (Time is in decaauts)
 A = Elapsed time spent in this place.
 B = Non-inter-level travel time spent in this place.
 C = Inter-level travel time spent in this place.
 D = Time resting spent in this place.
 E = Time spent auto-exploring this place.
 F = Levels seen in this place.
 G = Mean time per level.
                   A        B        C        D        E       F      G
               +--------+--------+--------+--------+--------+-----+--------+
         Total |  17599 |  16939 |    660 |   1087 |  13041 |  15 | 1173.3 |
       Dungeon |  13560 |  13007 |    553 |   1087 |   9597 |  10 | 1356.0 |
        Temple |     26 |     24 |      2 |      0 |     15 |   1 |   26.0 |
          Lair |   4012 |   3907 |    105 |      0 |   3429 |   4 | 1003.0 |
               +--------+--------+--------+--------+--------+-----+--------+

Top non-repeatable levels by time:
     D:4: 2310 daAuts
     D:5: 2253 daAuts
     D:8: 1684 daAuts
     D:9: 1590 daAuts
  Lair:3: 1414 daAuts
  Lair:1: 1362 daAuts
  Lair:2: 1192 daAuts
     D:6: 1184 daAuts
    D:10: 1165 daAuts
     D:7: 943 daAuts
     D:1: 930 daAuts
     D:2: 801 daAuts
     D:3: 696 daAuts
  Lair:4: 42 daAuts
  Temple: 26 daAuts
